[ AOE2 MATCH · #474368022 ]
UnrankedBritons vs Khmer
[ REPLAY ANALYSIS · EXTRACTED FROM THE RECORDED GAME ]
Feudal
10:49
Castle
17:06
Imperial
34:17
| APM avg | 18.0 |
| APM peak | 40 |
| eAPM avg | 12.9 |
| Villagers / military | 127 / 73 |
Focus
⚔️ 13.9% · 🌾 86.1%
Archer ×46 · Longbowman ×24 · Monk ×3
Feudal
11:16
Castle
—
Imperial
—
| APM avg | 6.4 |
| APM peak | 20 |
| eAPM avg | 4.8 |
| Villagers / military | 38 / 6 |
Focus
⚔️ 20.1% · 🌾 79.9%
Spearman ×4 · Scout Cavalry ×2
Feudal
11:14
Castle
27:03
Imperial
—
| APM avg | 10.9 |
| APM peak | 36 |
| eAPM avg | 7.6 |
| Villagers / military | 69 / 8 |
Focus
⚔️ 16.0% · 🌾 84.0%
Trade Cart ×20 · Spearman ×5 · Mangonel ×2 · Battering Ram ×1
Feudal
12:26
Castle
23:28
Imperial
39:37
| APM avg | 13.6 |
| APM peak | 51 |
| eAPM avg | 11.3 |
| Villagers / military | 105 / 93 |
Focus
⚔️ 32.1% · 🌾 67.9%
Skirmisher ×30 · Knight ×29 · Spearman ×21 · Militia ×9 · Battering Ram ×4
Feudal
—
Castle
—
Imperial
—
| APM avg | 46.6 |
| APM peak | 131 |
| eAPM avg | 26.2 |
| Villagers / military | 80 / 18 |
Focus
⚔️ 4.7% · 🌾 95.3%
Militia ×7 · Spearman ×6 · Trade Cart ×4 · Skirmisher ×4 · Battering Ram ×1
Feudal
11:44
Castle
27:22
Imperial
—
| APM avg | 21.5 |
| APM peak | 58 |
| eAPM avg | 10.0 |
| Villagers / military | 77 / 71 |
Focus
⚔️ 23.2% · 🌾 76.8%
Konnik ×33 · Militia ×24 · Spearman ×6 · Skirmisher ×5 · Battering Ram ×3
Match map
Initial resources + every placement click. Lines = walls · curves = elevation contours. ◆ gold · ⬟ stone · ● berries · ✦ relic · ◌ wall gap
Your base· Open — unwalled flank
Diego-NA's base· Open — unwalled flank
CapitãO_PreSenÇa's base· Open — unwalled flank
zaxolinchen's base· Open — unwalled flank
Dermuedejoe7178's base· Open — 15t gap
Lord Quarter's base· Open — unwalled flank
Smoothed initial terrain · ◌ = detected wall gap · hover for details
Inputs per minute
— bjoern4tel - - Diego-NA
Build order — bjoern4tel
First 150 of 262 actions detected
| 0:04 | Build | House |
| 0:06 | Build | House |
| 0:11 | Create | Villager (Male) |
| 0:11 | Create | Villager (Male) |
| 0:12 | Create | Villager (Male) |
| 0:12 | Create | Villager (Male) |
| 1:23 | Create | Villager (Male) |
| 1:42 | Create | Villager (Male) |
| 1:59 | Build | Lumber Camp |
| 2:26 | Create | Villager (Male) |
| 2:50 | Create | Villager (Male) |
| 2:50 | Create | Villager (Male) |
| 3:06 | Create | Villager (Male) |
| 3:18 | Build | House |
| 3:40 | Create | Villager (Male) |
| 4:18 | Create | Villager (Male) |
| 4:26 | Build | Mill |
| 4:31 | Create | Villager (Male) |
| 5:44 | Create | Villager (Male) |
| 5:49 | Create | Villager (Male) |
| 5:49 | Create | Villager (Male) |
| 6:14 | Create | Villager (Male) |
| 6:14 | Create | Villager (Male) |
| 6:20 | Create | Villager (Male) |
| 6:28 | Create | Villager (Male) |
| 7:02 | Build | House |
| 7:46 | Create | Villager (Male) |
| 7:47 | Create | Villager (Male) |
| 8:02 | Create | Villager (Male) |
| 8:30 | Build | House |
| 8:32 | Create | Villager (Male) |
| 8:36 | Research | Feudal Age |
| 8:44 | Build | Mining Camp |
| 9:32 | Build | Farm |
| 9:32 | Build | Farm |
| 9:33 | Build | Farm |
| 10:24 | Build | Lumber Camp |
| 10:28 | Create | Villager (Male) |
| 10:29 | Create | Villager (Male) |
| 10:49 | Age | Feudal Age |
| 10:53 | Create | Villager (Male) |
| 11:09 | Build | Farm |
| 11:12 | Create | Villager (Male) |
| 11:23 | Create | Villager (Male) |
| 11:45 | Build | House |
| 11:58 | Build | Blacksmith |
| 12:00 | Create | Villager (Male) |
| 12:08 | Build | Farm |
| 12:12 | Create | Villager (Male) |
| 12:50 | Build | Market |
| 12:56 | Create | Villager (Male) |
| 13:11 | Build | Farm |
| 13:17 | Build | House |
| 13:31 | Build | Farm |
| 13:52 | Build | Palisade Wall |
| 14:00 | Create | Villager (Male) |
| 14:26 | Research | Castle Age |
| 14:34 | Build | Barracks |
| 14:38 | Build | House |
| 14:43 | Create | Villager (Male) |
| 14:59 | Build | Farm |
| 15:05 | Build | Farm |
| 15:09 | Build | Farm |
| 15:25 | Research | Double-Bit Axe |
| 15:38 | Create | Villager (Male) |
| 15:44 | Research | Horse Collar |
| 16:25 | Create | Villager (Male) |
| 16:38 | Build | Archery Range |
| 16:45 | Build | House |
| 17:06 | Age | Castle Age |
| 17:21 | Build | Town Center |
| 17:25 | Create | Villager (Male) |
| 17:25 | Create | Villager (Male) |
| 17:44 | Research | Crossbowman (upgrade) |
| 17:49 | Create | Villager (Male) |
| 17:54 | Build | House |
| 18:08 | Build | Town Center |
| 18:12 | Create | Villager (Male) |
| 18:12 | Create | Villager (Male) |
| 18:13 | Create | Villager (Male) |
| 18:22 | Create | Archer ×2 |
| 18:22 | Create | Archer ×2 |
| 19:07 | Build | Farm |
| 19:18 | Create | Archer |
| 19:35 | Research | Fletching |
| 19:41 | Create | Villager (Male) |
| 19:41 | Create | Villager (Male) |
| 19:42 | Create | Villager (Male) |
| 19:46 | Create | Villager (Male) |
| 19:46 | Create | Villager (Male) |
| 19:46 | Create | Villager (Male) |
| 20:06 | Build | Archery Range |
| 20:07 | Build | Archery Range |
| 20:34 | Create | Archer |
| 20:34 | Create | Archer |
| 20:34 | Create | Archer |
| 21:12 | Create | Villager (Male) |
| 21:13 | Create | Villager (Male) |
| 21:13 | Create | Villager (Male) |
| 21:13 | Create | Villager (Male) |
| 21:16 | Create | Villager (Male) |
| 21:58 | Build | University |
| 22:14 | Create | Archer ×5 |
| 22:14 | Create | Archer ×5 |
| 22:31 | Create | Archer |
| 23:00 | Create | Villager (Male) |
| 23:00 | Create | Villager (Male) |
| 23:00 | Create | Villager (Male) |
| 23:23 | Create | Villager (Male) |
| 23:23 | Create | Villager (Male) |
| 23:23 | Create | Villager (Male) |
| 23:23 | Create | Villager (Male) |
| 23:30 | Research | Ballistics |
| 24:13 | Create | Archer |
| 24:13 | Create | Archer |
| 24:27 | Build | House |
| 24:29 | Build | House |
| 24:30 | Build | House |
| 24:31 | Build | House |
| 24:34 | Build | Farm |
| 24:34 | Build | Farm |
| 24:34 | Build | Farm |
| 24:35 | Build | Farm |
| 24:37 | Create | Villager (Male) |
| 24:38 | Create | Villager (Male) |
| 24:38 | Create | Villager (Male) |
| 24:38 | Create | Villager (Male) |
| 24:42 | Build | House |
| 24:44 | Build | House |
| 24:48 | Build | House |
| 25:29 | Create | Villager (Male) |
| 25:30 | Create | Villager (Male) |
| 25:32 | Create | Villager (Male) |
| 25:37 | Build | Farm |
| 25:39 | Build | Farm |
| 25:46 | Build | Farm |
| 25:46 | Build | Farm |
| 25:46 | Build | Farm |
| 25:47 | Build | Farm |
| 25:47 | Build | Farm |
| 25:47 | Build | Farm |
| 26:26 | Create | Villager (Male) |
| 26:27 | Create | Villager (Male) |
| 26:30 | Build | Farm |
| 26:31 | Build | Farm |
| 26:31 | Build | Farm |
| 26:31 | Build | Farm |
| 26:32 | Build | Farm |
| 26:34 | Create | Villager (Male) |
| 26:34 | Create | Villager (Male) |
Build order — Diego-NA
96 actions detected in the replay
| 1:36 | Build | House |
| 1:39 | Build | House |
| 1:41 | Build | House |
| 1:47 | Build | House |
| 1:51 | Create | Villager (Male) |
| 1:51 | Create | Villager (Male) |
| 1:52 | Create | Villager (Male) |
| 1:52 | Create | Villager (Male) |
| 1:52 | Create | Villager (Male) |
| 3:04 | Create | Villager (Male) |
| 3:04 | Create | Villager (Male) |
| 3:21 | Create | Villager (Male) |
| 3:21 | Create | Villager (Male) |
| 3:32 | Build | House |
| 3:34 | Build | House |
| 6:11 | Create | Villager (Male) |
| 7:52 | Create | Villager (Male) |
| 8:33 | Build | Mill |
| 8:41 | Create | Villager (Male) |
| 9:00 | Research | Feudal Age |
| 11:16 | Age | Feudal Age |
| 12:33 | Create | Villager (Male) |
| 12:33 | Create | Villager (Male) |
| 12:33 | Create | Villager (Male) |
| 12:34 | Create | Villager (Male) |
| 12:34 | Create | Villager (Male) |
| 12:34 | Create | Villager (Male) |
| 12:36 | Create | Villager (Male) |
| 13:11 | Build | Lumber Camp |
| 13:20 | Create | Villager (Male) |
| 13:50 | Create | Villager (Male) |
| 14:14 | Research | Double-Bit Axe |
| 14:25 | Create | Villager (Male) |
| 14:54 | Create | Villager (Male) |
| 14:56 | Create | Villager (Male) |
| 14:58 | Research | Horse Collar |
| 15:22 | Build | Stone Wall |
| 15:28 | Build | Gate |
| 16:15 | Create | Villager (Male) |
| 16:18 | Research | Loom |
| 16:28 | Create | Villager (Male) |
| 16:44 | Build | Stable |
| 16:48 | Build | Barracks |
| 17:05 | Build | Stone Wall |
| 17:16 | Build | Palisade Wall |
| 17:31 | Create | Villager (Male) |
| 17:32 | Create | Villager (Male) |
| 17:32 | Create | Villager (Male) |
| 17:32 | Create | Villager (Male) |
| 17:32 | Create | Villager (Male) |
| 17:43 | Create | Spearman |
| 17:43 | Create | Spearman |
| 18:24 | Build | Mining Camp |
| 19:09 | Create | Villager (Male) |
| 19:25 | Build | Farm |
| 19:44 | Build | Stone Wall |
| 20:08 | Create | Scout Cavalry |
| 20:08 | Create | Scout Cavalry |
| 21:35 | Build | Stone Wall |
| 22:08 | Create | Spearman |
| 22:08 | Create | Spearman |
| 23:01 | Build | Blacksmith |
| 23:14 | Build | Watch Tower |
| 24:15 | Build | Watch Tower |
| 24:41 | Build | Stone Wall |
| 25:11 | Build | Stone Wall |
| 27:22 | Build | Stone Wall |
| 27:27 | Build | Gate |
| 27:38 | Create | Villager (Male) |
| 27:38 | Create | Villager (Male) |
| 28:29 | Build | Stone Wall |
| 28:35 | Create | Villager (Male) |
| 28:35 | Create | Villager (Male) |
| 28:44 | Build | Farm |
| 28:59 | Build | Stone Wall |
| 29:37 | Build | Stone Wall |
| 30:20 | Build | Stone Wall |
| 30:57 | Build | House |
| 30:59 | Build | House |
| 31:01 | Build | House |
| 31:30 | Build | Farm |
| 33:10 | Build | Gate |
| 33:16 | Build | Farm |
| 33:41 | Build | House |
| 33:57 | Build | Farm |
| 34:01 | Build | Farm |
| 34:27 | Build | Market |
| 34:59 | Build | Mining Camp |
| 35:25 | Create | Villager (Male) |
| 35:32 | Create | Villager (Male) |
| 36:01 | Build | Archery Range |
| 36:04 | Build | House |
| 36:05 | Build | House |
| 36:07 | Build | House |
| 36:09 | Build | House |
| 36:24 | Research | Wheelbarrow |
Build order — CapitãO_PreSenÇa
127 actions detected in the replay
| 0:17 | Build | House |
| 0:20 | Create | Villager (Male) ×4 |
| 0:47 | Build | House |
| 1:53 | Build | House |
| 2:05 | Research | Loom |
| 2:12 | Create | Villager (Male) |
| 2:47 | Create | Villager (Male) |
| 2:57 | Build | Lumber Camp |
| 3:18 | Create | Villager (Male) |
| 3:34 | Create | Villager (Male) |
| 4:15 | Create | Villager (Male) |
| 4:16 | Create | Villager (Male) |
| 4:59 | Create | Villager (Male) |
| 5:01 | Create | Villager (Male) |
| 5:17 | Build | House |
| 5:41 | Create | Villager (Male) |
| 5:44 | Create | Villager (Male) |
| 6:27 | Create | Villager (Male) |
| 6:28 | Create | Villager (Male) |
| 7:21 | Build | Mill |
| 7:30 | Create | Villager (Male) |
| 8:12 | Create | Villager (Male) |
| 8:14 | Create | Villager (Male) |
| 8:26 | Build | Mining Camp |
| 9:04 | Research | Feudal Age |
| 9:15 | Build | Mining Camp |
| 11:14 | Age | Feudal Age |
| 11:18 | Research | Wheelbarrow |
| 11:38 | Research | Double-Bit Axe |
| 11:45 | Create | Villager (Male) |
| 11:45 | Create | Villager (Male) |
| 13:24 | Create | Villager (Male) |
| 13:32 | Build | House |
| 13:38 | Research | Town Watch |
| 13:40 | Create | Villager (Male) |
| 13:41 | Create | Villager (Male) |
| 14:01 | Build | Blacksmith |
| 14:05 | Build | House |
| 14:25 | Build | House |
| 15:24 | Create | Villager (Male) |
| 15:25 | Create | Villager (Male) |
| 15:27 | Create | Villager (Male) |
| 15:27 | Create | Villager (Male) |
| 15:29 | Create | Villager (Male) |
| 15:57 | Build | Lumber Camp |
| 16:20 | Research | Gold Mining |
| 16:22 | Research | Stone Mining |
| 17:29 | Create | Villager (Male) ×5 |
| 17:56 | Build | House |
| 17:58 | Build | House |
| 18:42 | Build | Market |
| 18:43 | Build | Market |
| 19:41 | Create | Villager (Male) ×5 |
| 20:33 | Build | Lumber Camp |
| 20:41 | Research | Horse Collar |
| 21:11 | Build | Farm |
| 21:12 | Build | Farm |
| 21:13 | Build | Farm |
| 21:14 | Build | Farm |
| 21:16 | Build | Farm |
| 21:18 | Build | Farm |
| 21:20 | Build | Farm |
| 21:21 | Build | Farm |
| 21:22 | Build | Farm |
| 21:24 | Build | Farm |
| 21:29 | Build | Farm |
| 21:31 | Build | Farm |
| 21:32 | Build | Farm |
| 21:35 | Build | Farm |
| 21:37 | Build | Farm |
| 22:03 | Create | Villager (Male) ×5 |
| 22:12 | Build | Farm |
| 22:13 | Build | Farm |
| 22:15 | Build | Farm |
| 22:16 | Build | Farm |
| 22:18 | Build | Farm |
| 23:06 | Create | Trade Cart ×5 |
| 23:51 | Build | House |
| 23:52 | Build | House |
| 23:55 | Build | House |
| 23:57 | Build | House |
| 23:59 | Build | House |
| 24:23 | Research | Castle Age |
| 24:41 | Create | Villager (Male) |
| 24:58 | Build | Barracks |
| 25:05 | Build | Barracks |
| 26:23 | Create | Villager (Male) |
| 27:03 | Age | Castle Age |
| 27:32 | Build | Town Center |
| 27:44 | Build | Town Center |
| 28:01 | Build | Town Center |
| 28:28 | Research | Fletching |
| 28:42 | Create | Villager (Male) |
| 28:43 | Create | Villager (Male) |
| 28:46 | Create | Villager (Male) |
| 29:24 | Build | Town Center |
| 29:48 | Research | Bodkin Arrow |
| 29:55 | Research | Caravan |
| 29:56 | Research | Coinage |
| 29:59 | Create | Trade Cart ×5 |
| 30:16 | Research | Hand Cart |
| 30:26 | Create | Villager (Male) ×5 |
| 31:16 | Research | Bow Saw |
| 32:23 | Create | Villager (Male) |
| 32:23 | Create | Villager (Male) |
| 32:41 | Build | Castle |
| 33:04 | Create | Villager (Male) |
| 34:55 | Create | Trade Cart ×5 |
| 34:57 | Create | Trade Cart ×5 |
| 35:56 | Create | Villager (Male) |
| 36:09 | Build | House |
| 36:11 | Build | House |
| 36:31 | Create | Villager (Male) |
| 37:28 | Build | Castle |
| 37:32 | Build | Siege Workshop |
| 37:33 | Build | Siege Workshop |
| 37:36 | Build | Siege Workshop |
| 38:09 | Research | Hand Cart |
| 38:10 | Create | Villager (Male) ×5 |
| 38:11 | Create | Villager (Male) ×5 |
| 38:52 | Create | Battering Ram |
| 39:18 | Build | University |
| 39:54 | Create | Mangonel |
| 40:19 | Research | Ironclad |
| 40:24 | Create | Mangonel |
| 40:43 | Research | Pikeman (upgrade) |
| 40:45 | Create | Spearman ×5 |
Build order — zaxolinchen
First 150 of 319 actions detected
| 0:01 | Create | Villager (Male) |
| 0:02 | Create | Villager (Male) |
| 0:02 | Create | Villager (Male) |
| 0:04 | Build | House |
| 0:08 | Build | House |
| 0:25 | Create | Villager (Male) |
| 1:36 | Create | Villager (Male) |
| 1:56 | Create | Villager (Male) |
| 2:19 | Create | Villager (Male) |
| 2:42 | Create | Villager (Male) |
| 3:07 | Build | Lumber Camp |
| 3:12 | Create | Villager (Male) |
| 3:14 | Create | Villager (Male) |
| 3:42 | Create | Villager (Male) |
| 3:54 | Build | House |
| 4:07 | Create | Villager (Male) |
| 4:23 | Create | Villager (Male) |
| 4:44 | Create | Villager (Male) |
| 5:05 | Create | Villager (Male) |
| 5:12 | Create | Villager (Male) |
| 5:38 | Build | House |
| 5:55 | Create | Villager (Male) |
| 6:13 | Create | Villager (Male) |
| 6:34 | Build | Mill |
| 7:30 | Create | Villager (Male) |
| 7:33 | Create | Villager (Male) |
| 7:39 | Build | House |
| 7:49 | Create | Villager (Male) |
| 8:36 | Build | Mining Camp |
| 8:38 | Create | Villager (Male) |
| 8:39 | Create | Villager (Male) |
| 8:58 | Build | Lumber Camp |
| 9:04 | Create | Villager (Male) |
| 10:16 | Research | Feudal Age |
| 10:37 | Build | Barracks |
| 10:44 | Create | Villager (Male) |
| 10:47 | Create | Villager (Male) |
| 11:05 | Build | Farm |
| 11:13 | Build | House |
| 11:18 | Build | House |
| 11:20 | Build | House |
| 11:29 | Build | Farm |
| 11:37 | Build | Farm |
| 11:41 | Build | Farm |
| 11:50 | Create | Villager (Male) |
| 12:01 | Build | Farm |
| 12:06 | Build | Farm |
| 12:15 | Build | Farm |
| 12:18 | Build | Farm |
| 12:26 | Age | Feudal Age |
| 12:27 | Research | Double-Bit Axe |
| 12:36 | Research | Gold Mining |
| 12:49 | Create | Villager (Male) |
| 12:56 | Create | Villager (Male) |
| 13:08 | Build | Farm |
| 13:35 | Build | Lumber Camp |
| 13:52 | Create | Villager (Male) |
| 14:11 | Build | Farm |
| 14:13 | Create | Villager (Male) |
| 14:27 | Create | Militia |
| 14:31 | Create | Villager (Male) |
| 14:36 | Build | Farm |
| 14:41 | Create | Militia |
| 14:51 | Build | Blacksmith |
| 14:54 | Create | Militia |
| 14:56 | Research | Man-at-Arms (upgrade) |
| 15:01 | Build | Farm |
| 15:03 | Create | Villager (Male) |
| 15:13 | Build | Farm |
| 15:20 | Build | Farm |
| 15:23 | Create | Villager (Male) |
| 15:29 | Build | Farm |
| 15:34 | Create | Militia |
| 15:38 | Build | Farm |
| 15:52 | Build | Farm |
| 16:05 | Build | Archery Range |
| 16:14 | Create | Militia |
| 16:22 | Build | Farm |
| 16:32 | Research | Scale Mail Armor |
| 16:34 | Create | Villager (Male) |
| 16:44 | Build | House |
| 16:58 | Build | House |
| 16:59 | Build | House |
| 17:01 | Build | House |
| 17:09 | Build | Farm |
| 17:17 | Build | Mining Camp |
| 17:27 | Create | Militia |
| 17:30 | Create | Skirmisher |
| 17:48 | Create | Villager (Male) |
| 17:49 | Create | Villager (Male) |
| 17:50 | Create | Villager (Male) |
| 18:03 | Create | Skirmisher |
| 18:13 | Create | Villager (Male) |
| 18:21 | Build | Mill |
| 18:30 | Create | Villager (Male) |
| 18:47 | Create | Villager (Male) |
| 18:51 | Create | Militia |
| 18:52 | Create | Militia |
| 18:54 | Create | Skirmisher |
| 18:54 | Create | Skirmisher |
| 20:23 | Create | Villager (Male) |
| 20:26 | Research | Castle Age |
| 22:17 | Create | Militia |
| 22:19 | Create | Skirmisher |
| 22:19 | Create | Skirmisher |
| 22:20 | Create | Skirmisher |
| 22:26 | Research | Fletching |
| 22:27 | Research | Padded Archer Armor |
| 22:28 | Research | Forging |
| 22:47 | Build | Farm |
| 22:51 | Build | Farm |
| 22:55 | Build | Farm |
| 22:59 | Build | Farm |
| 23:11 | Create | Skirmisher |
| 23:20 | Build | Stable |
| 23:28 | Age | Castle Age |
| 23:41 | Build | Town Center |
| 24:16 | Build | Town Center |
| 24:22 | Create | Villager (Male) |
| 24:24 | Create | Villager (Male) |
| 24:24 | Research | Wheelbarrow |
| 24:29 | Research | Elite Skirmisher (upgrade) |
| 24:30 | Create | Skirmisher |
| 24:30 | Create | Skirmisher |
| 24:31 | Create | Skirmisher |
| 24:31 | Create | Skirmisher |
| 24:34 | Research | Pikeman (upgrade) |
| 24:36 | Create | Spearman |
| 24:36 | Create | Spearman |
| 24:37 | Create | Spearman |
| 24:42 | Build | Farm |
| 25:36 | Build | Farm |
| 25:43 | Create | Villager (Male) |
| 25:44 | Create | Villager (Male) |
| 25:44 | Create | Villager (Male) |
| 25:44 | Create | Villager (Male) |
| 25:46 | Create | Villager (Male) |
| 25:48 | Create | Villager (Male) |
| 25:49 | Create | Villager (Male) |
| 25:50 | Create | Villager (Male) |
| 26:01 | Build | Farm |
| 26:06 | Build | Farm |
| 26:13 | Build | Farm |
| 26:28 | Create | Villager (Male) |
| 26:29 | Create | Villager (Male) |
| 26:30 | Create | Villager (Male) |
| 26:30 | Create | Villager (Male) |
| 26:31 | Create | Villager (Male) |
| 26:40 | Create | Villager (Male) |
| 26:43 | Create | Villager (Male) |
Build order — Dermuedejoe7178
First 150 of 174 actions detected
| 0:05 | Create | Villager (Male) |
| 0:05 | Create | Villager (Male) |
| 0:05 | Create | Villager (Male) |
| 0:06 | Create | Villager (Male) |
| 0:06 | Create | Villager (Male) |
| 0:09 | Build | House |
| 0:12 | Build | House |
| 1:26 | Create | Villager (Male) |
| 1:26 | Create | Villager (Male) |
| 1:59 | Create | Villager (Male) |
| 1:59 | Create | Villager (Male) |
| 1:59 | Create | Villager (Male) |
| 2:13 | Create | Villager (Male) |
| 2:42 | Create | Villager (Male) |
| 2:42 | Create | Villager (Male) |
| 3:09 | Create | Villager (Male) |
| 3:09 | Create | Villager (Male) |
| 3:10 | Create | Villager (Male) |
| 3:17 | Build | Lumber Camp |
| 4:28 | Build | House |
| 4:29 | Build | House |
| 4:32 | Create | Villager (Male) |
| 4:32 | Create | Villager (Male) |
| 4:32 | Create | Villager (Male) |
| 4:32 | Create | Villager (Male) |
| 4:33 | Create | Villager (Male) |
| 5:21 | Create | Villager (Male) |
| 5:21 | Create | Villager (Male) |
| 5:22 | Create | Villager (Male) |
| 5:22 | Create | Villager (Male) |
| 5:55 | Build | Mill |
| 6:37 | Build | Mill |
| 7:34 | Build | Farm |
| 7:56 | Build | Farm |
| 7:59 | Create | Villager (Male) |
| 8:00 | Create | Villager (Male) |
| 8:28 | Build | Farm |
| 8:54 | Build | Farm |
| 9:04 | Build | Farm |
| 9:10 | Research | Feudal Age |
| 9:39 | Build | House |
| 9:40 | Build | House |
| 9:42 | Build | House |
| 9:43 | Build | House |
| 9:52 | Build | Mining Camp |
| 10:55 | Build | Barracks |
| 11:24 | Research | Double-Bit Axe |
| 11:27 | Research | Horse Collar |
| 11:34 | Create | Villager (Male) |
| 11:35 | Create | Villager (Male) |
| 11:35 | Create | Villager (Male) |
| 11:36 | Create | Villager (Male) |
| 11:36 | Create | Villager (Male) |
| 11:54 | Build | Farm |
| 12:10 | Research | Gold Mining |
| 12:21 | Research | Arson |
| 12:38 | Create | Villager (Male) |
| 12:38 | Create | Villager (Male) |
| 13:21 | Build | Mining Camp |
| 13:24 | Research | Stone Mining |
| 14:03 | Research | Man-at-Arms (upgrade) |
| 14:30 | Build | Watch Tower |
| 14:51 | Research | Wheelbarrow |
| 15:23 | Create | Militia |
| 15:24 | Create | Spearman |
| 15:24 | Create | Spearman |
| 15:24 | Create | Spearman |
| 15:25 | Create | Spearman |
| 15:25 | Create | Spearman |
| 15:56 | Build | Barracks |
| 16:27 | Build | Market |
| 16:34 | Create | Villager (Male) |
| 16:34 | Create | Villager (Male) |
| 16:34 | Create | Villager (Male) |
| 16:35 | Create | Villager (Male) |
| 16:35 | Create | Villager (Male) |
| 16:35 | Create | Villager (Male) |
| 16:36 | Create | Villager (Male) |
| 16:42 | Build | Archery Range |
| 16:45 | Create | Militia |
| 16:46 | Create | Spearman |
| 17:35 | Build | Watch Tower |
| 18:27 | Create | Militia |
| 18:27 | Create | Militia |
| 18:28 | Create | Militia |
| 18:28 | Create | Militia |
| 18:28 | Create | Militia |
| 19:21 | Build | Farm |
| 19:25 | Build | Farm |
| 20:23 | Build | Blacksmith |
| 21:23 | Research | Fletching |
| 21:24 | Research | Padded Archer Armor |
| 22:15 | Build | Watch Tower |
| 22:35 | Build | Farm |
| 23:09 | Create | Villager (Male) |
| 23:09 | Create | Villager (Male) |
| 23:10 | Create | Villager (Male) |
| 23:10 | Create | Villager (Male) |
| 23:10 | Create | Villager (Male) |
| 23:11 | Create | Villager (Male) |
| 23:11 | Create | Villager (Male) |
| 23:11 | Create | Villager (Male) |
| 23:47 | Build | Farm |
| 24:09 | Build | Lumber Camp |
| 24:53 | Create | Trade Cart |
| 24:53 | Create | Trade Cart |
| 25:00 | Create | Trade Cart |
| 25:00 | Create | Trade Cart |
| 26:22 | Build | Farm |
| 26:27 | Create | Villager (Male) |
| 26:28 | Create | Villager (Male) |
| 26:28 | Create | Villager (Male) |
| 26:28 | Create | Villager (Male) |
| 26:29 | Create | Villager (Male) |
| 26:29 | Create | Villager (Male) |
| 27:03 | Build | Archery Range |
| 27:24 | Build | Archery Range |
| 27:44 | Build | Farm |
| 27:46 | Build | Farm |
| 27:50 | Build | Farm |
| 28:13 | Research | Castle Age |
| 28:36 | Build | Farm |
| 29:04 | Build | House |
| 29:05 | Build | House |
| 29:07 | Build | House |
| 29:09 | Build | House |
| 29:41 | Create | Skirmisher |
| 29:41 | Create | Skirmisher |
| 29:42 | Create | Skirmisher |
| 29:42 | Create | Skirmisher |
| 30:56 | Build | Castle |
| 31:10 | Research | Bow Saw |
| 31:13 | Research | Heavy Plow |
| 31:27 | Build | Town Center |
| 31:31 | Create | Villager (Male) |
| 31:31 | Create | Villager (Male) |
| 31:31 | Create | Villager (Male) |
| 31:32 | Create | Villager (Male) |
| 31:32 | Create | Villager (Male) |
| 31:32 | Create | Villager (Male) |
| 31:32 | Create | Villager (Male) |
| 31:33 | Create | Villager (Male) |
| 31:39 | Research | Scale Mail Armor |
| 32:25 | Research | Coinage |
| 32:49 | Build | Watch Tower |
| 33:04 | Create | Villager (Male) |
| 33:05 | Create | Villager (Male) |
| 33:05 | Create | Villager (Male) |
| 33:12 | Build | Farm |
| 33:15 | Build | Farm |
Build order — Lord Quarter
First 150 of 186 actions detected
| 0:05 | Build | House |
| 0:11 | Create | Villager (Male) |
| 0:12 | Create | Villager (Male) |
| 0:12 | Create | Villager (Male) |
| 0:12 | Create | Villager (Male) |
| 0:12 | Create | Villager (Male) |
| 0:40 | Build | House |
| 1:48 | Create | Villager (Male) |
| 1:48 | Create | Villager (Male) |
| 2:47 | Build | Lumber Camp |
| 2:49 | Create | Villager (Male) |
| 2:49 | Create | Villager (Male) |
| 3:28 | Create | Villager (Male) |
| 3:28 | Create | Villager (Male) |
| 3:39 | Create | Villager (Male) |
| 3:39 | Create | Villager (Male) |
| 4:17 | Create | Villager (Male) |
| 4:41 | Create | Villager (Male) |
| 4:48 | Create | Villager (Male) |
| 4:48 | Create | Villager (Male) |
| 5:20 | Build | Mill |
| 5:25 | Create | Villager (Male) |
| 5:42 | Build | House |
| 6:10 | Create | Villager (Male) |
| 7:12 | Create | Villager (Male) |
| 7:12 | Create | Villager (Male) |
| 7:20 | Build | House |
| 7:56 | Build | Farm |
| 8:13 | Build | Palisade Wall |
| 8:19 | Build | Farm |
| 8:35 | Create | Villager (Male) |
| 9:08 | Build | Farm |
| 9:34 | Research | Feudal Age |
| 9:34 | Research | Feudal Age |
| 10:11 | Build | Barracks |
| 11:13 | Build | Mining Camp |
| 11:41 | Create | Militia |
| 11:42 | Create | Militia |
| 11:43 | Create | Militia |
| 11:44 | Age | Feudal Age |
| 11:44 | Create | Militia |
| 12:00 | Build | Palisade Wall |
| 12:09 | Create | Villager (Male) |
| 12:10 | Create | Villager (Male) |
| 12:10 | Create | Villager (Male) |
| 12:40 | Build | House |
| 12:44 | Create | Villager (Male) |
| 12:48 | Research | Arson |
| 13:03 | Create | Villager (Male) |
| 13:03 | Create | Villager (Male) |
| 14:20 | Build | Farm |
| 14:26 | Build | Farm |
| 14:28 | Build | Farm |
| 14:28 | Create | Villager (Male) |
| 14:29 | Create | Villager (Male) |
| 14:29 | Create | Villager (Male) |
| 14:39 | Build | House |
| 14:52 | Create | Villager (Male) |
| 14:53 | Create | Villager (Male) |
| 14:53 | Create | Villager (Male) |
| 14:53 | Create | Villager (Male) |
| 15:15 | Build | Farm |
| 15:24 | Build | Farm |
| 15:52 | Create | Villager (Male) |
| 15:52 | Create | Villager (Male) |
| 15:52 | Create | Villager (Male) |
| 16:04 | Build | Palisade Wall |
| 16:12 | Build | Palisade Wall |
| 16:19 | Build | Farm |
| 16:28 | Build | Archery Range |
| 16:44 | Build | Farm |
| 16:47 | Build | Farm |
| 16:50 | Build | Farm |
| 16:58 | Create | Villager (Male) |
| 16:58 | Create | Villager (Male) |
| 16:59 | Create | Villager (Male) |
| 18:13 | Build | Farm |
| 18:16 | Build | Farm |
| 18:24 | Create | Spearman |
| 18:25 | Create | Militia ×5 |
| 18:49 | Build | House |
| 18:52 | Build | House |
| 20:07 | Create | Villager (Male) |
| 20:07 | Create | Villager (Male) |
| 20:07 | Create | Villager (Male) |
| 20:13 | Build | House |
| 20:15 | Build | House |
| 20:56 | Create | Skirmisher |
| 20:56 | Create | Skirmisher |
| 20:57 | Create | Skirmisher |
| 20:58 | Create | Skirmisher |
| 20:59 | Create | Skirmisher |
| 21:04 | Build | Stable |
| 21:13 | Research | Double-Bit Axe |
| 21:15 | Create | Villager (Male) |
| 21:15 | Create | Villager (Male) |
| 22:56 | Build | Watch Tower |
| 23:03 | Build | Farm |
| 23:06 | Build | Farm |
| 23:10 | Build | Farm |
| 23:33 | Build | Farm |
| 23:37 | Research | Castle Age |
| 23:56 | Build | Palisade Wall |
| 24:08 | Build | Farm |
| 24:20 | Build | Farm |
| 25:07 | Build | Palisade Gate |
| 25:15 | Build | Lumber Camp |
| 25:30 | Build | Palisade Wall |
| 26:18 | Build | Market |
| 27:05 | Build | Palisade Wall |
| 27:22 | Age | Castle Age |
| 27:55 | Build | Town Center |
| 27:58 | Create | Villager (Male) |
| 27:58 | Create | Villager (Male) |
| 27:59 | Create | Villager (Male) |
| 27:59 | Create | Villager (Male) |
| 27:59 | Create | Villager (Male) |
| 27:59 | Create | Villager (Male) |
| 27:59 | Create | Villager (Male) |
| 28:05 | Research | Pikeman (upgrade) |
| 28:06 | Create | Militia ×5 |
| 28:07 | Create | Militia ×5 |
| 28:33 | Build | Palisade Wall |
| 28:46 | Build | Barracks |
| 29:00 | Build | Mining Camp |
| 29:06 | Build | House |
| 29:07 | Build | House |
| 29:49 | Build | Barracks |
| 29:53 | Research | Squires |
| 30:00 | Research | Gambesons |
| 30:10 | Create | Villager (Male) |
| 30:11 | Create | Villager (Male) |
| 30:11 | Create | Villager (Male) |
| 30:11 | Create | Villager (Male) |
| 30:11 | Create | Villager (Male) |
| 30:12 | Create | Villager (Male) |
| 30:23 | Create | Spearman ×5 |
| 30:24 | Create | Militia ×5 |
| 30:42 | Build | Blacksmith |
| 31:12 | Create | Villager (Male) |
| 31:12 | Create | Villager (Male) |
| 31:12 | Create | Villager (Male) |
| 31:21 | Create | Villager (Male) |
| 31:31 | Build | House |
| 31:32 | Build | House |
| 31:58 | Build | Krepost |
| 32:20 | Research | Bow Saw |
| 32:26 | Create | Villager (Male) |
| 32:26 | Create | Villager (Male) |
| 32:26 | Create | Villager (Male) |
Match timeline
| 8:13 | Lord Quarter · wall_segment Palisade Wall x11 |
| 10:11 | Lord Quarter · first_building Barracks |
| 10:37 | zaxolinchen · first_building Barracks |
| 10:49 | bjoern4tel · age_up feudal |
| 10:55 | Dermuedejoe7178 · first_building Barracks |
| 11:14 | CapitãO_PreSenÇa · age_up feudal |
| 11:16 | Diego-NA · age_up feudal |
| 11:44 | Lord Quarter · age_up feudal |
| 12:00 | Lord Quarter · wall_segment Palisade Wall x21 |
| 12:26 | zaxolinchen · age_up feudal |
| 13:52 | bjoern4tel · wall_segment Palisade Wall x6 |
| 14:34 | bjoern4tel · first_building Barracks |
| 15:22 | Diego-NA · wall_segment Stone Wall x21 |
| 16:04 | Lord Quarter · wall_segment Palisade Wall x1 |
| 16:05 | zaxolinchen · first_building Archery Range |
| 16:12 | Lord Quarter · wall_segment Palisade Wall x15 |
| 16:28 | Lord Quarter · first_building Archery Range |
| 16:38 | bjoern4tel · first_building Archery Range |
| 16:42 | Dermuedejoe7178 · first_building Archery Range |
| 16:44 | Diego-NA · first_building Stable |
| 16:48 | Diego-NA · first_building Barracks |
| 17:05 | Diego-NA · wall_segment Stone Wall x19 |
| 17:06 | bjoern4tel · age_up castle |
| 17:16 | Diego-NA · wall_segment Palisade Wall x2 |
| 19:44 | Diego-NA · wall_segment Stone Wall x18 |
| 21:04 | Lord Quarter · first_building Stable |
| 21:35 | Diego-NA · wall_segment Stone Wall x21 |
| 21:46 | Dermuedejoe7178 · first_market_buy 100 stone |
| 23:20 | zaxolinchen · first_building Stable |
| 23:28 | zaxolinchen · age_up castle |
| 23:56 | Lord Quarter · wall_segment Palisade Wall x10 |
| 24:19 | CapitãO_PreSenÇa · first_market_buy 100 food |
| 24:41 | Diego-NA · wall_segment Stone Wall x26 |
| 24:56 | Dermuedejoe7178 · first_market_sell 100 food |
| 24:58 | CapitãO_PreSenÇa · first_building Barracks |
| 25:11 | Diego-NA · wall_segment Stone Wall x14 |
| 25:30 | Lord Quarter · wall_segment Palisade Wall x8 |
| 26:09 | bjoern4tel · tribute_sent a jugador 1 |
| 26:09 | bjoern4tel · tribute_sent a jugador 3 |
| 26:09 | bjoern4tel · tribute_sent a jugador 4 |
| 26:09 | bjoern4tel · tribute_sent a jugador 5 |
| 26:09 | bjoern4tel · tribute_sent a jugador 6 |
| 27:03 | CapitãO_PreSenÇa · age_up castle |
| 27:05 | Lord Quarter · wall_segment Palisade Wall x1 |
| 27:22 | Diego-NA · wall_segment Stone Wall x31 |
| 27:22 | Lord Quarter · age_up castle |
| 28:29 | Diego-NA · wall_segment Stone Wall x5 |
| 28:33 | Lord Quarter · wall_segment Palisade Wall x1 |
| 28:59 | Diego-NA · wall_segment Stone Wall x9 |
| 29:37 | Diego-NA · wall_segment Stone Wall x19 |
| 30:09 | bjoern4tel · first_market_sell 100 wood |
| 30:11 | bjoern4tel · first_market_buy 100 food |
| 30:20 | Diego-NA · wall_segment Stone Wall x18 |
| 30:22 | bjoern4tel · first_building Monastery |
| 30:56 | Dermuedejoe7178 · first_building Castle |
| 31:19 | bjoern4tel · tribute_sent a jugador 1 |
| 31:19 | bjoern4tel · tribute_sent a jugador 3 |
| 31:19 | bjoern4tel · tribute_sent a jugador 4 |
| 31:19 | bjoern4tel · tribute_sent a jugador 5 |
| 31:19 | bjoern4tel · tribute_sent a jugador 6 |
| 31:53 | zaxolinchen · first_building Castle |
| 31:58 | Lord Quarter · first_building Krepost |
| 32:05 | zaxolinchen · first_building Siege Workshop |
| 32:41 | CapitãO_PreSenÇa · first_building Castle |
| 34:13 | Lord Quarter · first_building Siege Workshop |
| 34:17 | bjoern4tel · age_up imperial |
| 34:31 | bjoern4tel · first_building Castle |
| 34:32 | Dermuedejoe7178 · first_building Siege Workshop |
| 36:01 | Diego-NA · first_building Archery Range |
| 36:36 | Diego-NA · first_market_sell 100 wood |
| 37:32 | CapitãO_PreSenÇa · first_building Siege Workshop |
| 37:46 | Diego-NA · resign |
| 39:37 | zaxolinchen · age_up imperial |
[ AI ANALYSIS · 1 CREDIT ]
What really happened in this match?
Wolo.gg analyzes every decision: build order, eco, micro, common mistakes by bracket. Personalized analysis on WhatsApp or Discord in 30 seconds.
Civ guide
Britons
Perfil
Jugador #5805821